 Dungeon Crawl Stone Soup version 0.23-a0-8-gb809bb7 (webtiles) character file.

26 torrenera the Charmwright (level 3, -1/31 HPs)
             Began as a Gnoll Skald on Aug 1, 2018.
             Slain by a phantom (9 damage)
             ... on level 2 of the Dungeon.
             The game lasted 00:02:05 (1031 turns).

torrenera the Charmwright (Gnoll Skald)             Turns: 1031, Time: 00:02:06

Health: -1/31      AC:  3    Str: 13    XL:     3   Next: 8%
Magic:  1/9        EV: 14    Int: 16    God:
Gold:   72         SH:  0    Dex: 14    Spells: 1/12 levels left

rFire    . . .     SeeInvis .   a - +0 short sword
rCold    . . .     Gourm    .   (no shield)
rNeg     . . .     Faith    .   b - +0 leather armour
rPois    .         Spirit   .   (no helmet)
rElec    .         Reflect  .   (no cloak)
rCorr    .         Harm     .   (no gloves)
MR       .....                  (no boots)
Stlth    +.........             (no amulet)
HPRegen  0.10/turn              (no ring)
MPRegen  0.11/turn              (no ring)

@: infused
A: distributed training, fangs 1, strong nose
a: no special abilities


You were on level 2 of the Dungeon.
You were hungry.

You visited 1 branch of the dungeon, and saw 2 of its levels.

You collected 72 gold pieces.

Inventory:

Hand Weapons
 a - a +0 short sword (weapon)
Missiles
 c - 46 stones (quivered)
Armour
 b - a +0 leather armour (worn)
 o - a +0 shield
Jewellery
 m - an uncursed ring of protection from fire {unknown}
Scrolls
 f - a scroll of magic mapping {unknown}
 h - 2 scrolls of fog {unknown}
 i - a scroll of immolation {unknown}
 l - 2 scrolls of amnesia {unknown}
Potions
 e - 2 potions of degeneration {unknown}
 g - a potion of agility {unknown}
 j - a potion of berserk rage {unknown}
 k - a potion of brilliance {unknown}
 n - a potion of lignification {unknown}
 p - a potion of magic {unknown}
Comestibles
 d - 3 rations


   Skills:
 + Level 4.5 Fighting
 + Level 4.5 Short Blades
 + Level 0.6 Long Blades
 + Level 0.6 Axes
 + Level 0.6 Maces & Flails
 + Level 0.6 Polearms
 + Level 0.6 Staves
 + Level 0.6 Slings
 + Level 0.6 Bows
 + Level 0.6 Crossbows
 + Level 0.6 Throwing
 + Level 2.5 Armour
 + Level 4.5 Dodging
 + Level 0.6 Stealth
 + Level 0.6 Shields
 + Level 0.6 Unarmed Combat
 + Level 5.0 Spellcasting
 + Level 0.4 Conjurations
 + Level 0.4 Hexes
 + Level 5.4 Charms
 + Level 0.4 Summonings
 + Level 0.4 Necromancy
 + Level 0.4 Translocations
 + Level 0.4 Transmutations
 + Level 0.4 Fire Magic
 + Level 0.4 Ice Magic
 + Level 0.4 Air Magic
 + Level 0.4 Earth Magic
 + Level 0.4 Poison Magic
 + Level 0.8 Invocations
 + Level 0.6 Evocations


You had one spell level left.
You knew the following spells:

 Your Spells              Type           Power        Failure   Level  Hunger
a - Infusion              Chrm           ###.         2%          1    None
b - Song of Slaying       Chrm           ###.....     3%          2    #......
c - Shroud of Golubria    Chrm/Tloc      ##........   9%          2    #......
d - Regeneration          Chrm/Necr      ##........   17%         3    ###....
e - Spectral Weapon       Hex/Chrm       ##......     17%         3    ###....

Your spell library contained the following spells:

 Spells                   Type           Power        Failure   Level  Hunger


Dungeon Overview and Level Annotations

Branches:
Dungeon (2/15)

Altars:
Zin


Innate Abilities, Weirdness & Mutations

Your experience applies equally to all skills.
You have very sharp teeth.
Your uncanny sense of smell can sniff out nearby items.


Message History

You hit the phantom.
The phantom is severely damaged.
Your spectral weapon barely misses the phantom.
The phantom hits you but does no damage.
The crimson imp summons a swarm of flies.
The crimson imp hits you.
* * * LOW HITPOINT WARNING * * *
You barely miss the phantom.
The phantom is severely damaged.
Your spectral weapon barely misses the phantom.
The phantom hits you but does no damage.
You hit the phantom.
The phantom is severely damaged.
Your spectral weapon misses the phantom.
The crimson imp blinks!
The phantom closely misses you.
You closely miss the phantom.
The phantom is severely damaged.
Your spectral weapon misses the phantom.
The phantom hits you!
You die...

. ........##......... ...
........##......... ....
########...##)..... ....#
#.....#......
[....###########....♣##.....
#..................♣.##.###
.#...................♣##.###
.........[.>§......._♣#.....
.#(......5W@.........♣##.###
...........(........♣♣ #.#
.#...................# #.##
#.#############.....# #..#
...∆ ##...## ##.## ##
########..# ..........
.......... ..........


You could see a phantom, a crimson imp and a friendly spectral short sword.

Vanquished Creatures
  A worm (D:1)
  A leopard gecko (D:1)
  4 bats (D:1)
  2 giant cockroaches (D:1)
  4 goblins
  5 hobgoblins (D:1)
  2 frilled lizards (D:1)
  2 rats (D:1)
21 creatures vanquished.

Notes
Turn   | Place    | Note
-------+----------+-------------------------------------------
     0 | D:1      | torrenera the Gnoll Skald began the quest for the Orb.
     0 | D:1      | Reached XP level 1. HP: 20/20 MP: 6/6
   104 | D:1      | Reached XP level 2. HP: 23/26 MP: 7/7
   108 | D:1      | Learned a level 2 spell: Song of Slaying
   491 | D:1      | Reached XP level 3. HP: 30/31 MP: 9/9
   849 | D:1      | Learned a level 2 spell: Shroud of Golubria
   853 | D:1      | Learned a level 3 spell: Regeneration
   857 | D:1      | Learned a level 3 spell: Spectral Weapon
   926 | D:2      | Reached skill level 5 in Spellcasting
   982 | D:2      | Found a glowing silver altar of Zin.
   982 | D:2      | Noticed a phantom
  1031 | D:2      | Slain by a phantom

Vault maps used:
D:1:      evilmike_arrival_run_for_it
D:2:      zin_academy, first_ration

Skill      XL: |  1  2  3 |
---------------+----------+-----
Spellcasting   | 5 |  5.0
Fighting       | |  4.5
Short Blades   | |  4.5
Long Blades    | |  0.6
Axes           | |  0.6
Maces & Flails | |  0.6
Polearms       | |  0.6
Staves         | |  0.6
Slings         | |  0.6
Bows           | |  0.6
Crossbows      | |  0.6
Throwing       | |  0.6
Armour         | |  2.5
Dodging        | |  4.5
Stealth        | |  0.6
Shields        | |  0.6
Unarmed Combat | |  0.6
Conjurations   | |  0.4
Hexes          | |  0.4
Charms         | |  5.4
Summonings     | |  0.4
Necromancy     | |  0.4
Translocations | |  0.4
Transmutations | |  0.4
Fire Magic     | |  0.4
Ice Magic      | |  0.4
Air Magic      | |  0.4
Earth Magic    | |  0.4
Poison Magic   | |  0.4
Invocations    | |  0.8
Evocations     | |  0.6

Action                   || total
-------------------------++-------
Melee: Short sword       ||   104
       Bite              ||    16
 Cast: Spectral Weapon   ||     2
       Infusion          ||     1
Armor: Leather armour    ||    25
Dodge: Dodged            ||    78

Table legend:
 A = Spawn XP
 B = Non-spawn XP
 C = Spawn XP percentage of total XP
 D = Spawn monster count
 E = Non-spawn monster count
 F = Spawn count percentage of total count
 G = Total turns spent on level
                    A         B        C        D         E        F      G
               +---------+---------+-------+---------+---------+-------+---------
         Total |       0 |      38 |   0.0 |       0 |      21 |   0.0 |  1031
               +---------+---------+-------+---------+---------+-------+---------
           D:1 |       0 |      36 |   0.0 |       0 |      20 |   0.0 |   868
           D:2 |       0 |       2 |   0.0 |       0 |       1 |   0.0 |   163
               +---------+---------+-------+---------+---------+-------+---------
